 Dungeon Crawl Stone Soup version 0.28-a0-500-g121bc3e445 (webtiles) character file.

Game seed: 956005341320328086

48 speeev33 the Skirmisher (level 3, 0/34 HPs)
             Began as a Minotaur Berserker on Sept 19, 2021.
             Was a Believer of Trog.
             Slain by a goblin (4 damage)
             ... led by Robin
             ... on level 2 of the Dungeon.
             The game lasted 00:02:39 (1606 turns).

speeev33 the Skirmisher (Minotaur Berserker)        Turns: 1606, Time: 00:02:40

Health: 0/34       AC:  3    Str: 22    XL:     3   Next: 50%
Magic:  2/2        EV: 11    Int:  4    God:    Trog [**....]
Gold:   57         SH:  0    Dex:  9    Spells: 2/2 levels left

rFire   . . .      SeeInvis .   e - +0 trident
rCold   . . .      Faith    .   (no shield)
rNeg    . . .      Spirit   .   c - +0 leather armour
rPois   .          Reflect  .   (helmet restricted)
rElec   .          Harm     .   (no cloak)
rCorr   .          Rampage  .   (no gloves)
Will    .....                   (no boots)
Stlth   +.........              (no amulet)
HPRegen 0.11/turn               (no ring)
MPRegen 0.08/turn               (no ring)

@: no status effects
A: horns 2, retaliatory headbutt
a: Renounce Religion, Berserk, Trog's Hand


You were on level 2 of the Dungeon.
You worshipped Trog.
Trog was pleased with you.
You visited 1 branch of the dungeon, and saw 2 of its levels.

You collected 57 gold pieces.

Inventory:

Hand Weapons
 e - a +0 trident (weapon)
Armour
 c - a +0 leather armour (worn)
Potions
 a - a potion of flight {unknown}
 d - a potion of haste


   Skills:
 + Level 4.3 Fighting
 + Level 4.3 Polearms
 + Level 3.4 Armour
 - Level 2.1 Dodging


You had 2 spell levels left.
You didn't know any spells.
Your spell library was empty.

Dungeon Overview and Level Annotations

Branches:
Dungeon (2/15)

Altars:
Sif Muna

Shops:
D:1 :

Annotations:
D:2 Robin


Innate Abilities, Weirdness & Mutations

You have a pair of horns on your head.
You reflexively headbutt those who attack you in melee.


Message History

Reach: e) +0 trident
Press: ? - help, Dir - move target, f - goblin
Aim: a goblin, wielding a +0 club (strong, about 50% to evade your +0 trident)
You barely miss the goblin. Your headbutt misses the goblin.
The goblin hits you with a +0 club.
Reach: e) +0 trident
Press: ? - help, Dir - move target, f/p - goblin
Aim: a goblin, wielding a +0 club (strong, about 50% to evade your +0 trident)
You closely miss the goblin. The goblin hits you with a +0 club.
Robin says, "Kneel, worm!"
Robin throws the goblin at you! The goblin barely misses you.
You barely miss the goblin. The goblin hits you with a +0 dagger.
The goblin closely misses you.
You barely miss the goblin. Your headbutt misses the goblin.
The goblin barely misses you. The goblin hits you but does no damage.
You barely miss the goblin. You headbutt the goblin.
You kill the goblin!
Trog accepts your kill.
The goblin no longer looks unusually strong.
Robin throws the goblin at you! The goblin misses you.
The goblin hits you but does no damage.
You completely miss the goblin. The goblin barely misses you.
Robin roars a battlecry!
The goblin goes into a battle-frenzy!
The goblin hits you but does no damage.
You hear a shout!
You barely miss the goblin. Your headbutt misses the goblin.
You hear a shout!
The goblin no longer looks unusually strong.
The goblin hits you but does no damage. The goblin hits you with a +0 dagger.
* * * LOW HITPOINT WARNING * * *
You hear a shout!
You barely miss the goblin.
The goblin no longer looks unusually strong.
The goblin hits you with a +0 club.
* * * LOW HITPOINT WARNING * * *
Robin roars a battlecry!
The goblins go into a battle-frenzy!
The goblin hits you with a +0 dagger.
You die...

#.# #.[#..
#.# #.....
#.# #..#..
#########.#
##.###
#.........#
#.# #
#.#########
#.# # #.# #.#
#
#.###########
#.# #
#.....g@gggg#
#. #
###########†#
.# g# .# g#
g. ..# .# g##
..# .... #.#


You could see Robin and 4 goblins.

Vanquished Creatures
  An adder (D:2)
  A dart slug (D:1)
  5 bats
  4 endoplasms
  6 goblins
  3 hobgoblins
  A kobold (D:1)
  5 quokkas
  2 ball pythons (D:2)
  4 frilled lizards
  A rat (D:2)
33 creatures vanquished.

Notes
Turn   | Place    | Note
-------+----------+-------------------------------------------
     0 | D:1      | speeev33 the Minotaur Berserker began the quest for the
                  | Orb.
     0 | D:1      | Reached XP level 1. HP: 19/19 MP: 0/0
     2 | D:1      | Noticed a demigod
     2 | D:1      | Noticed a human
     4 | D:1      | Noticed a vine stalker
     4 | D:1      | Noticed a spriggan
     8 | D:1      | Noticed a naga
     8 | D:1      | Noticed a troll
    10 | D:1      | Noticed a draconian
    12 | D:1      | Noticed an ogre
    12 | D:1      | Noticed a tengu
    14 | D:1      | Noticed a merfolk
    16 | D:1      | Noticed a gargoyle
    16 | D:1      | Noticed a formicid
    18 | D:1      | Noticed an octopode
    18 | D:1      | Noticed a vampire
    20 | D:1      | Noticed a minotaur
    20 | D:1      | Noticed a demonspawn
    22 | D:1      | Noticed a ghoul
    22 | D:1      | Noticed a felid
    24 | D:1      | Noticed an elf
    26 | D:1      | Noticed a dwarf
   152 | D:1      | Found Bonu's Book Shop.
   275 | D:1      | Reached XP level 2. HP: 20/27 MP: 1/1
  1158 | D:2      | Found a shimmering blue altar of Sif Muna.
  1201 | D:2      | Reached XP level 3. HP: 19/33 MP: 2/2
  1501 | D:2      | Reached ** piety under Trog
  1591 | D:2      | Noticed Robin
  1606 | D:2      | Slain by a goblin

Illustrated notes

Levels and vault maps discovered:
D:1:      kb_arrival_jail, layout_basic, serial_shops, nicolae_lakefront_shop
D:2:      layout_loops_ring, shapermc_ecumenical_altar_hornbeckon, serial_shops,
          shop, basic_altar, uniq_robin

Skill      XL: |  1  2 |
---------------+-------+-----
Fighting       | 4 |  4.3
Polearms       | 4 |  4.3
Armour         | 3 |  3.4
Dodging        | |  2.1

Action                   || total
-------------------------++-------
Melee: Spear             ||    27
       Headbutt          ||     9
       Trident           ||    46
  Use: Scroll            ||     2
 Stab: Sleeping          ||     2
Armor: Animal skin       ||     6
       Leather armour    ||     5
Dodge: Dodged            ||    31

Table legend: (Time is in decaauts)
 A = Elapsed time spent in this place.
 B = Non-inter-level travel time spent in this place.
 C = Inter-level travel time spent in this place.
 D = Time resting spent in this place.
 E = Time spent auto-exploring this place.
 F = Levels seen in this place.
 G = Mean time per level.
                   A        B        C        D        E       F      G
               +--------+--------+--------+--------+--------+-----+--------+
         Total |   1608 |   1491 |    117 |    295 |    898 |   2 |  804.0 |
       Dungeon |   1608 |   1491 |    117 |    295 |    898 |   2 |  804.0 |
               +--------+--------+--------+--------+--------+-----+--------+

Top non-repeatable levels by time:
     D:1: 1195 daAuts
     D:2: 413 daAuts
